 Dungeon Crawl Stone Soup version 0.27.1-4-g1640c2035a (webtiles) character file.

Game seed: 4813607334915495536

161 Stomo444 the Ducker (level 5, -3/41 HPs)
             Began as a Demonspawn Gladiator on Nov 16, 2021.
             Slain by a wyvern zombie (12 damage)
             ... on level 4 of the Dungeon.
             The game lasted 00:04:35 (3002 turns).

Stomo444 the Ducker (Demonspawn Gladiator)          Turns: 3002, Time: 00:04:35

Health: -3/41      AC:  6    Str: 14 (15) XL:     5   Next: 18%
Magic:  5/5        EV: 12    Int:  9 (10) God:
Gold:   177        SH:  0    Dex: 18 (20) Spells: 4/4 levels left

rFire    . . .     SeeInvis .   a - +0 flail
rCold    . . .     Faith    .   (no shield)
rNeg     . . .     Spirit   .   i - +0 ring mail
rPois    .         Reflect  .   c - +0 helmet
rElec    .         Harm     .   (no cloak)
rCorr    .         Rampage  .   (no gloves)
Will     .....                  (no boots)
Stlth    +.........             (no amulet)
HPRegen  0.13/turn              e - +6 ring of dexterity
MPRegen  0.09/turn              (no ring)

@: no status effects
A: hooves 1, powered by death 1
a: no special abilities


You were on level 4 of the Dungeon.
You visited 1 branch of the dungeon, and saw 4 of its levels.

You collected 177 gold pieces.

Inventory:

Hand Weapons
 a - a +0 flail (weapon)
Missiles
 d - 3 throwing nets (quivered)
 m - 8 silver javelins
Armour
 b - a +0 leather armour
 c - a +0 helmet (worn)
 i - a +0 ring mail (worn)
 j - a +0 chain mail
Jewellery
 e - a +6 ring of dexterity (left hand)
Wands
 l - a wand of paralysis (8)
Potions
 f - a potion of lignification
 g - 3 potions of heal wounds {unknown}
 h - a potion of brilliance {unknown}
 k - a potion of magic {unknown}
 n - a potion of curing {unknown}
 o - a potion of flight {unknown}


   Skills:
 + Level 3.1 Fighting
 + Level 3.5 Maces & Flails
 - Level 1.7 Throwing
 + Level 2.0 Armour
 + Level 3.5 Dodging


You had 4 spell levels left.
You didn't know any spells.
Your spell library was empty.

Dungeon Overview and Level Annotations

Branches:
Dungeon (4/15)
 Temple: D:4-7

Altars:
Xom
Zin

Annotations:
D:4 Purgy


Innate Abilities, Weirdness & Mutations

You have large cloven feet.
You regenerate a little health from kills.


Message History

You see here a hound skeleton.
A quokka comes into view.
Found a giant club.
No target in view!
No target in view!
A wyvern zombie comes into view.
Things that are here:
9 gold pieces; a +0 robe You hit the wyvern zombie.
You kick the wyvern zombie, but do no damage.
The wyvern zombie is lightly damaged.
The wyvern zombie bites you! x2
You hit the wyvern zombie.
You kick the wyvern zombie, but do no damage.
The wyvern zombie is moderately damaged.
The wyvern zombie bites you but does no damage.
The quokka completely misses you.
You hit the wyvern zombie but do no damage.
You kick the wyvern zombie.
The wyvern zombie is moderately damaged.
The wyvern zombie barely misses you. The quokka closely misses you.
The wyvern zombie closely misses you. The quokka closely misses you.
You sock the wyvern zombie!
The wyvern zombie is heavily damaged.
The wyvern zombie bites you. The quokka barely misses you.
You are too injured to fight recklessly!
You are too injured to fight recklessly!
You are too injured to fight recklessly!
You hit the wyvern zombie. You kick the wyvern zombie.
The wyvern zombie is heavily damaged.
The wyvern zombie misses you. The quokka barely misses you.
The wyvern zombie barely misses you. The quokka bites you.
You hit the quokka.
You kill the quokka!
You hit the wyvern zombie.
The wyvern zombie is severely damaged.
The wyvern zombie bites you.
* * * LOW HITPOINT WARNING * * *
The wyvern zombie bites you!
You die...

***,*,,,,.#***.##...###...,**,,*
,,,,,,,,,...,,,.........#..,,*,**
***,*,**,...#***........#..*,,,,*
*,*,**,*#..##*#$.......#,****,,
*,,,**,**#...##........#,* *,*
*,,***,,***#..#........#,* *,,
*,,* **,** *#...$.....##,* *** *
*,,* *,,* ##Z##.....##,* ***,,**
**,****#@#.......#.*** **,,,,*
*,,,,*#.#.........,,**** ,,,,,,*
****,,..#.รท......#*,,,,*
**,*,,*** **#..##.....#..,,,,,,
**,*,,,,* **#.####...##*#,,,,,,
,*,***,,** *,..,* *#### *,,,,,,
,,,* **>,* *,..,* *,,,,,, ,***
*,,* *...,* **,,,,, ,* ****
****** **,,,,,


You could see a wyvern zombie.

Vanquished Creatures
  A hound (D:4)
  An iguana (D:4)
  3 adders (D:2)
  A gnoll (D:2)
  A worm (D:2)
  3 dart slugs
  3 bats
  6 endoplasms
  6 goblins
  7 hobgoblins
  4 quokkas
  5 ball pythons
  11 frilled lizards
  5 kobolds
  2 rats
59 creatures vanquished.

Vanquished Creatures (others)
  2 fungi (D:1)
2 creatures vanquished.

Grand Total: 61 creatures vanquished

Notes
Turn   | Place    | Note
-------+----------+-------------------------------------------
     0 | D:1      | Stomo444 the Demonspawn Gladiator began the quest for the
                  | Orb.
     0 | D:1      | Reached XP level 1. HP: 16/16 MP: 1/1
   293 | D:1      | Gained mutation: You regenerate a little health from kills.
                  | [demonic ancestry]
   293 | D:1      | Reached XP level 2. HP: 9/22 MP: 2/2
   414 | D:1      | Found a faded altar of an unknown god.
  1237 | D:2      | Reached skill level 1 in Armour
  1261 | D:2      | Reached XP level 3. HP: 28/28 MP: 3/3
  1828 | D:2      | Reached XP level 4. HP: 23/34 MP: 4/4
  2399 | D:3      | Paralysed by a hobgoblin for 3 turns
  2559 | D:3      | Noticed an angel
  2562 | D:3      | Found a shimmering altar of Xom.
  2721 | D:4      | Noticed an ogre
  2722 | D:4      | Noticed Purgy
  2767 | D:4      | Gained mutation: You have large cloven feet. [demonic
                  | ancestry]
  2767 | D:4      | Reached XP level 5. HP: 18/41 MP: 5/5
  3002 | D:4      | Slain by a wyvern zombie

Illustrated notes

Levels and vault maps discovered:
D:1:      scummos_arrival_checkerplants, layout_basic,
          shapermc_ecumenical_altar_mp_highgroup
D:2:      minmay_inner_zag, layout_loops_cross, minmay_lizard_pond
D:3:      layout_basic, grunt_temple_overflow_order_and_chaos_1,
          minmay_misc_feat_tower, serial_bayou_pond_c
D:4:      layout_rooms, hellmonk_ghost_happy_afterlife, minivault_11,
          uniq_pikel, uniq_eustachio, uniq_purgy

Skill      XL: |  1  2  3  4 |
---------------+-------------+-----
Maces & Flails | 3 |  3.5
Dodging        | 3 |  3.5
Armour         | 1 2 |  2.0
Fighting       | 3 |  3.1
Throwing       | |  1.7

Action                   |  1- 3 |  4- 6 || total
-------------------------+-------+-------++-------
Melee: Flail             |   118 |    59 ||   177
       Kick              |       |     4 ||     4
  Use: Scroll            |     1 |     3 ||     4
       Potion            |     1 |     1 ||     2
 Stab: Sleeping          |     2 |       ||     2
Armor: Leather armour    |    21 |       ||    21
       Ring mail         |    28 |    21 ||    49
       Skin              |       |     8 ||     8
Dodge: Dodged            |    83 |    34 ||   117
